AoeStats
← Mhafiki

QS Arena

503536932Analyzed
1v1 RM · 1mo ago on Sep 1, 2026· 62m 39s· 2 players
Game mode
Random Map
Map size
Tiny (2 player)
Population
200
Speed
Normal
Resources
Standard
Victory
Conquest
Starting age
Dark Age
Ending age
Imperial Age
RankedLock teamsTeams togetherTeam positionsShared explorationLock speedFull tech treeHidden civsTurbo modeCheats
Victory
Defeat
🇺🇸 Turks · United States
1076
+15
🇦🇺 Franks · Australia
1059
-15
大明湖畔
7:36 Feudal Age
11:29 Castle Age
9:28 Double-Bit Axe
12:24 Bow Saw
14:02 Gold Mining
19:37 Gold Shaft Mining
23:27 Husbandry
23:29 Loom
26:14 Imperial Age
23:53 Scale Barding Armor
23:59 Forging
25:09 Chain Barding Armor
26:20 Iron Casting
29:14 Iron Casting
33:32 Blast Furnace
35:11 Wheelbarrow
35:59 Cavalier
36:56 Stone Mining
37:43 Hand Cart
37:14 Town Watch
39:07 Plate Barding Armor
39:28 Fletching
39:38 Padded Archer Armor
39:10 Elite Skirmisher
41:47 Bodkin Arrow
42:08 Leather Archer Armor
43:16 Ballistics
43:56 Chemistry
45:58 Masonry
51:14 Conscription
51:55 Squires
51:15 Pikeman
52:36 Light Cavalry
54:54 Town Patrol
57:09 Scale Mail Armor
57:34 Capped Ram
58:49 Chivalry
62:23 Chain Mail Armor
Mhafiki
2:35 Loom
10:27 Feudal Age
14:09 Castle Age
12:17 Double-Bit Axe
17:59 Imperial Age
16:03 Padded Archer Armor
17:35 Gold Mining
20:25 Leather Archer Armor
30:31 Ring Archer Armor
39:54 Horse Collar
41:51 Fletching
42:42 Gold Shaft Mining
42:11 Heavy Plow
44:59 Conscription
46:01 Bloodlines
47:31 Scale Barding Armor
47:37 Forging
48:56 Chain Barding Armor
50:39 Iron Casting
50:42 Plate Barding Armor
53:12 Iron Casting
52:31 Stone Mining
55:59 Wheelbarrow
56:26 Blast Furnace
55:43 Bow Saw
58:52 Two-Man Saw
Connection lost

Rejoining the realm…

Still unreachable

The connection could not be restored.

Session expired

The server has moved on; the page needs a fresh start.